[Event "*** Titled Tuesday Blitz"]
[Site "Chess.com"]
[Date "2018.06.05"]
[Round "3"]
[White "igorkovalenko"]
[Black "pKiLz5Rn9b"]
[Result "1-0"]
[WhiteElo "2846"]
[BlackElo "2633"]
[TimeControl "180+2"]
[EndTime "13:40:01 PDT"]
[Termination "igorkovalenko won on time"]

1. d4 Nf6 2. Nf3 e6 3. e3 c5 4. Bd3 d5 5. b3 Nc6 6. O-O Bd6 7. Bb2 O-O 8. dxc5 Bxc5 9. Nbd2 Qc7 10. Bxf6 gxf6 11.
e4 dxe4 12. Nxe4 Be7 13. Qd2 Kg7 14. Ng3 f5 15. Rfe1 Rg8 16. Nh5+ Kf8 17. Qh6+ Ke8 18. Qxh7 Kf8 19. Qh6+ Ke8 20. Rad1 Bd7 21. Bxf5 Qa5 22. Bh7 Rh8 23. Qg7 Rf8 24. Nf6+ Bxf6 25. Qxf6 Qd8 26. Qg7 Qc7 27. h4 Rd8 28. h5 Nb4 29. a3 Nc6 30. h6 Qf4 31. Re4 Qc7 32. c4 Na5 33. Re3 Qb6 34. Bc2 Bc6 35. Rxd8+ Qxd8 36. h7 Ke7 37.
Ne5 Qd2 38. Ng6+ 1-0

[Event "*** Titled Tuesday Blitz"]
[Site "Chess.com"]
[Date "2018.06.05"]
[Round "3"]
[White "AlexTruskavetsky"]
[Black "vovachesss"]
[Result "0-1"]
[WhiteElo "2278"]
[BlackElo "2394"]
[TimeControl "180+2"]
[EndTime "13:40:04 PDT"]
[Termination "vovachesss won on time"]

1. d4 Nf6 2. c4 e6 3. g3 Bb4+ 4. Bd2 Qe7 5. Nc3 O-O 6. Nf3 d5 7. Bg2 dxc4 8. O-O c5 9. dxc5 Rd8 10. Qc2 Bxc5 11. Ne5 Nc6 12. Nxc4 e5 13. Na4 Bb4 14. Bxb4 Nxb4 15. Qc1 Bg4 16. a3 Nbd5 17. e4 Nc7 18. Na5 Ne6 19. Nc3 Nd4 20. Kh1 Rac8 21. h3 Be6 22. f4 b6 23. fxe5 Nh5 24. Kh2 bxa5 25. g4 Bxg4 26. hxg4 Qh4+ 27. Kg1 Rxc3 28. Qe1 Rg3 29.
gxh5 Nc2 30. Qxa5 Ne3 31. Rf2 Qg5 0-1

[Event "*** Titled Tuesday Blitz"]
[Site "Chess.com"]
[Date "2018.06.05"]
[Round "3"]
[White "nitpicker"]
[Black "Perecke"]
[Result "1-0"]
[WhiteElo "2033"]
[BlackElo "1950"]
[TimeControl "180+2"]
[EndTime "13:40:07 PDT"]
[Termination "nitpicker won by resignation"]

1. d4 d5 2. c4 e6 3. Nf3 Nf6 4. g3 dxc4 5. Bg2 c6 6. O-O Bd6 7. Nc3 O-O 8. e4 Be7 9. a4 Bd7 10. Ne5 b5 11. axb5 cxb5 12. d5 exd5 13. exd5 Bd6 14.
Nc6 Qb6 15. Be3 Qb7 16. Nxa7 Rd8 17. Qd4 Na6 18. Nc6 Rdc8 19. Bg5 Bc5 20. Qh4 Nxd5 21. Nxd5 Bxc6 22. Rad1 Nb4 23. Nf6+ gxf6 24. Bxf6 Bf8 25.
Qg5+ 1-0

[Event "*** Titled Tuesday Blitz"]
[Site "Chess.com"]
[Date "2018.06.05"]
[Round "3"]
[White "evgenysharapov"]
[Black "Alopekos"]
[Result "1-0"]
[WhiteElo "2303"]
[BlackElo "2352"]
[TimeControl "180+2"]
[EndTime "13:40:08 PDT"]
[Termination "evgenysharapov won on time"]

1. e4 e5 2. Nf3 Nc6 3. Bb5 a6 4. Ba4 Nf6 5. O-O b5 6. Bb3 Bc5 7. c3 d6 8. Re1 O-O 9. d4 Bb6 10. h3 Re8 11. dxe5 Nxe5 12. Nxe5 Rxe5 13. Bf4 Re8 14.
e5 dxe5 15. Qxd8 Rxd8 16. Bxe5 Nd7 17. Bg3 Nc5 18. Bc2 Be6 19. a4 bxa4 20. Bxa4 Nxa4 21. Rxa4 a5 22. Na3 h6 23. Nc4 Bxc4 24. Rxc4 Rd2 25. b3 Rb2 26. Re7 Kf8 27. Rd7 Ke8 28. Rd3 Rc8 29.
Re4+ Kf8 30. Rd7 1-0

[Event "*** Titled Tuesday Blitz"]
[Site "Chess.com"]
[Date "2018.06.05"]
[Round "3"]
[White "tan275"]
[Black "PawnEatingZombie"]
[Result "0-1"]
[WhiteElo "1978"]
[BlackElo "2037"]
[TimeControl "180+2"]
[EndTime "13:40:14 PDT"]
[Termination "PawnEatingZombie won by resignation"]

1. d4 d5 2. c4 e6 3. Nf3 Nf6 4. g3 Bb4+ 5. Bd2 Be7 6. Bg2 c6 7. O-O O-O 8. Qc2 b6 9. b3 Bb7 10. Bf4 Na6 11. a3 Rc8 12. Nbd2 c5 13. dxc5 Nxc5 14.
Rfd1 Qe8 15. Qb2 Nfd7 16. Rac1 Bf6 17. Qb1 Qe7 18. cxd5 Bxd5 19. Nc4 Be4 20. Qa2 e5 21.
Be3 Nb7 22. Nfxe5 Nxe5 23. Bxe4 Nxc4 24. Bxb7 Nxe3 25. Bxc8 Nxd1 26. Ba6 Nc3 27. Qd2 Ne4 28. Qe3 Qxa3 29. Bc4 Nd6 30. Bd5 Nf5 31. Qd2 Nd4 32.
Qd3 Qxc1+ 0-1

[Event "*** Titled Tuesday Blitz"]
[Site "Chess.com"]
[Date "2018.06.05"]
[Round "3"]
[White "savinspm"]
[Black "chesstatour"]
[Result "1-0"]
[WhiteElo "2135"]
[BlackElo "2049"]
[TimeControl "180+2"]
[EndTime "13:40:21 PDT"]
[Termination "savinspm won on time"]

1. e4 c6 2. d4 d5 3. e5 c5 4. c3 Nc6 5. f4 cxd4 6. cxd4 Bf5 7. Nf3 e6 8. Bd3 Bxd3 9. Qxd3 Nge7 10. Nc3 Nf5 11. O-O Rc8 12. g4 Nfxd4 13. Nxd4 Nxd4 14. Be3 Nc6 15. Nb5 a6 16. Nd4 Nxd4 17. Bxd4 Bc5 18. b3 O-O 19. Rf2 Qc7 20. f5 Bxd4 21. Qxd4 Qc3 22. Qd1 Qxe5 23. f6 gxf6 24. Rc1 Rxc1 25. Qxc1 Qg5 26. Qc7 Kh8 27. h3 h5 28. Qe7 Kg7 29. Rg2 h4 30. Rf2 b5 31.
Qd6 a5 32. Qc5 a4 33. Qxb5 axb3 34. Qxb3 Rc8 35. Kg2 Qe5 36. Qf3 Rc3 37. Qf4 Rg3+ 38. Kh2 Qxf4 39. Rxf4 Ra3 40. Rf2 e5 41. Kg2 Kg6 42.
Rf5 Rxa2+ 43. Kf3 Ra3+ 44. Kg2 Rg3+ 45. Kh2 d4 46. Rh5 d3 47. Rxh4 Re3 48. Rh8 e4 49. Rd8 Re2+ 50. Kg3 Re1 51. Kf4 1-0

[Event "*** Titled Tuesday Blitz"]
[Site "Chess.com"]
[Date "2018.06.05"]
[Round "3"]
[White "OparinGrigoriy"]
[Black "GMSrinath"]
[Result "0-1"]
[WhiteElo "2890"]
[BlackElo "2683"]
[TimeControl "180+2"]
[EndTime "13:40:24 PDT"]
[Termination "GMSrinath won by resignation"]

1. Nf3 d5 2. g3 g6 3. Bg2 Bg7 4. d4 Nf6 5. b3 O-O 6. O-O c6 7. Bb2 Nbd7 8. e3 Re8 9. c4 dxc4 10. bxc4 e5 11. Nc3 exd4 12. exd4 Nb6 13. Ne5 Nfd7 14.
Nxd7 Bxd7 15. Qb3 Bxd4 16. Rad1 c5 17. a4 Be6 18. Nd5 Bxd5 19. Bxd5 Qf6 20. Bxd4 cxd4 21.
Bxb7 Rab8 22. Bg2 Rec8 23. Qd3 Rd8 24. c5 Nxa4 25. c6 Nb2 26. Qc4 Nxc4 0-1

[Event "*** Titled Tuesday Blitz"]
[Site "Chess.com"]
[Date "2018.06.05"]
[Round "3"]
[White "kuli4ik"]
[Black "AlexanderKing"]
[Result "1-0"]
[WhiteElo "2682"]
[BlackElo "2455"]
[TimeControl "180+2"]
[EndTime "13:40:24 PDT"]
[Termination "kuli4ik won on time"]

1. d4 d5 2. Nf3 Nf6 3. Bf4 c5 4. dxc5 e6 5. e3 Bxc5 6. Be2 Nc6 7.
O-O O-O 8. c4 a6 9. a3 dxc4 10.
Bxc4 b5 11. Ba2 Qxd1 12. Rxd1 Bb7 13. Nbd2 Rfd8 14. Rac1 Bb6 15. Bg5 Ne7 16. Kf1 h6 17.
Bxf6 gxf6 18. Ke2 Rac8 19. Bb1 f5 20. Ba2 Kg7 21. h3 Kf6 22. g3 Nd5 23. Nb1 Ke7 24. Ne5 Nf6 25. Nc3 Bc7 26. Nd3 Bd6 27. Nb4 a5 28.
Nd3 b4 29. axb4 axb4 30. Nb5 Rxc1 31. Rxc1 Ba6 32. Bc4 Bxb5 33. Bxb5 Rb8 34. Bc4 Rc8 35. b3 Ra8 36. Rc2 Ne4 37. g4 fxg4 38. hxg4 Ra3 39. Kf3 Nf6 40. Rc1 1-0

[Event "*** Titled Tuesday Blitz"]
[Site "Chess.com"]
[Date "2018.06.05"]
[Round "3"]
[White "hitaman"]
[Black "robbykevlishvili"]
[Result "0-1"]
[WhiteElo "2564"]
[BlackElo "2531"]
[TimeControl "180+2"]
[EndTime "13:40:24 PDT"]
[Termination "robbykevlishvili won by resignation"]

1. e4 c5 2. Ne2 d6 3. g3 Nf6 4.
Bg2 g6 5. O-O Bg7 6. c3 O-O 7.
d4 cxd4 8. cxd4 Nc6 9. Nbc3 Rb8 10. h3 Nd7 11. Be3 Na5 12. b3 b5 13. Qd2 a6 14. Bh6 Bxh6 15. Qxh6 e5 16. Nd5 Bb7 17. Rac1 Bxd5 18. exd5 e4 19. Bxe4 Re8 20. Bf3 Nb6 21. Kg2 Nxd5 22. Bxd5 Rxe2 23. Rfe1 Rxe1 24. Rxe1 Qf6 25.
Re3 Rf8 26. Qf4 Kg7 27. Rc3 Qe7 28. Qe3 Qd7 29. b4 Nc4 30. Bxc4 bxc4 31. Rxc4 Re8 32. Qf3 d5 33. Rc5 Re4 34. a4 Qxa4 35. Rxd5 Re6 36. Qc3 Qa2 37. Rc5 Rf6 38. Qe3 Qb2 39. Rc8 Qxb4 40.
d5 Qb7 41. Rd8 Qb6 42. Ra8 Qb7 43. Rd8 Qb6 44. Re8 Qb5 45. Qd4 Qxe8 0-1

[Event "*** Titled Tuesday Blitz"]
[Site "Chess.com"]
[Date "2018.06.05"]
[Round "3"]
[White "petrpalachev"]
[Black "Shaman91"]
[Result "1-0"]
[WhiteElo "2695"]
[BlackElo "2563"]
[TimeControl "180+2"]
[EndTime "13:40:27 PDT"]
[Termination "petrpalachev won by resignation"]

1. d4 Nf6 2. c4 e6 3. Nf3 c5 4.
d5 d6 5. Nc3 g6 6. h3 Bg7 7. e4 O-O 8. Bd3 Na6 9. O-O Nc7 10. Re1 Rb8 11. a4 e5 12. a5 Na6 13.
Bf1 Kh8 14. g3 Ng8 15. Bg2 f5 16. exf5 gxf5 17. Bg5 Qe8 18. Nb5 Qg6 19. Bd2 Ra8 20.
Ra3 Bf6 21. Nh2 Bg7 22. g4 Ne7 23. Rg3 Bd7 24. gxf5 Qxf5 25. Qe2 Bxb5 26. cxb5 Nb4 27. Be4 Qf7 28. Nf3 Nf5 29. Ng5 Qf6 30. Bxf5 Qxf5 31. Bxb4 cxb4 32. Ne4 Rad8 33. Qg4 Qf7 34. Qe6 Qf4 35.
Qe7 Bh6 36. Re2 Qf7 37. Qxf7 Rxf7 38. Rc2 Rf4 39. Rc4 Bf8 40. b3 Rf7 41. Rxb4 Rc7 42. Rc4 Rxc4 43. bxc4 Rc8 44. Ng5 Bg7 45. Nf7+ 1-0

[Event "*** Titled Tuesday Blitz"]
[Site "Chess.com"]
[Date "2018.06.05"]
[Round "3"]
[White "Zufi1811"]
[Black "Dedic8"]
[Result "0-1"]
[WhiteElo "2457"]
[BlackElo "2640"]
[TimeControl "180+2"]
[EndTime "13:40:27 PDT"]
[Termination "Dedic8 won by resignation"]

1. e4 c6 2. d4 d5 3. Nc3 dxe4 4. Nxe4 Bf5 5. Ng3 Bg6 6. h4 h6 7. Nf3 Nd7 8. h5 Bh7 9. Bd3 Bxd3 10. Qxd3 Ngf6 11. Bd2 e6 12. O-O-O Be7 13. Kb1 O-O 14. Ne4 Nxe4 15. Qxe4 Nf6 16. Qe2 Qd5 17. Ne5 Qxd4 18. Bxh6 Qe4 19. Qxe4 Nxe4 20. Be3 Rfd8 21. g4 Rd5 22.
Rxd5 cxd5 23. f3 Nd6 24. b3 a5 25. a4 b5 26. Nc6 Bf8 27. Ka2 bxa4 28. bxa4 Nc4 29. Bd4 Ra6 30. Ne5 Nxe5 31. Bxe5 Rc6 32. c3 f6 33. Bd4 e5 34. Bf2 Rxc3 0-1

[Event "*** Titled Tuesday Blitz"]
[Site "Chess.com"]
[Date "2018.06.05"]
[Round "3"]
[White "Alexandr_Predke"]
[Black "Muguet7"]
[Result "1-0"]
[WhiteElo "2641"]
[BlackElo "2314"]
[TimeControl "180+2"]
[EndTime "13:40:30 PDT"]
[Termination "Alexandr_Predke won by resignation"]

1. e4 e5 2. Nf3 Nc6 3. Bb5 a6 4. Ba4 Nf6 5. O-O b5 6. Bb3 Bc5 7. a4 b4 8. d3 d6 9. Bg5 h6 10.
Be3 g5 11. Nbd2 Qe7 12. a5 Bd7 13. Ba4 O-O 14. Bxc5 dxc5 15. Nc4 Rad8 16. Re1 g4 17.
Nh4 Nd4 18. Bxd7 Rxd7 19. c3 bxc3 20. bxc3 Nb5 21. Qc1 Kh7 22. Nf5 Ng8 23. Nxe7 Rxe7 24. Qe3 Nxc3 25. Qxc5 Nb5 26. Nxe5 h5 27. d4 Rd8 28.
Nc6 Rd6 29. Nxe7 Nxe7 30. d5 Ng6 31. e5 Rd8 32. e6 fxe6 33. dxe6 Re8 34. e7 Kh6 35. f4 gxf3 36. gxf3 1-0

[Event "*** Titled Tuesday Blitz"]
[Site "Chess.com"]
[Date "2018.06.05"]
[Round "3"]
[White "fyall777"]
[Black "ChessicallyInclined"]
[Result "1-0"]
[WhiteElo "2311"]
[BlackElo "2230"]
[TimeControl "180+2"]
[EndTime "13:40:31 PDT"]
[Termination "fyall777 won by resignation"]

1. e4 e5 2. Nf3 Nc6 3. Bb5 a6 4. Bxc6 dxc6 5. O-O Bg4 6. h3 h5 7. d3 Qf6 8. Nbd2 Bc5 9. Nc4 Bxf3 10. Qxf3 Qxf3 11.
gxf3 f6 12. f4 exf4 13. Bxf4 b5 14. Na5 Kd7 15. d4 Bd6 16. e5 Bb4 17. Nb3 g5 18.
Bh2 f5 19. h4 gxh4 20. c3 Be7 21. Rfe1 Ke6 22. Na5 Nh6 23. Nxc6 Rag8+ 24. Kf1 Ng4 25. Bf4 Bg5 26. Bxg5 Rxg5 27. Rad1 Kd5 28. Nb4+ Ke6 29. d5+ Kf7 30. e6+ Ke7 31. d6+ cxd6 32. Nc6+ Ke8 33. Rxd6 Nh2+ 34. Ke2 Kf8 35. Rd8+ Kg7 36. e7 Rg6 37. Rxh8 Re6+ 38. Kd2 Rd6+ 39. Kc2 1-0

[Event "*** Titled Tuesday Blitz"]
[Site "Chess.com"]
[Date "2018.06.05"]
[Round "3"]
[White "djano"]
[Black "WPWPWP-2015"]
[Result "0-1"]
[WhiteElo "2403"]
[BlackElo "2374"]
[TimeControl "180+2"]
[EndTime "13:40:34 PDT"]
[Termination "WPWPWP-2015 won by resignation"]

1. d4 Nf6 2. Nc3 d5 3. Bg5 Bf5 4. Bxf6 exf6 5. e3 c6 6. Bd3 Bg6 7. Nge2 Bd6 8. h4 Nd7 9. Qd2 b5 10. h5 Bxd3 11. cxd3 h6 12. O-O-O b4 13. Nb1 Qa5 14.
b3 c5 15. a4 Rc8 16. Kb2 c4 17. dxc4 dxc4 18. bxc4 Nb6 19. Rc1 Nxc4+ 20. Rxc4 Rxc4 21. Qd3 Rc7 22. Qe4+ Kd8 23. Nd2 Qxa4 24. Ra1 Qc6 25. Qxc6 Rxc6 26. Rxa7 Re8 27. Rxf7 Re7 28. Rf8+ Re8 29.
Rf7 Rc7 30. Rxc7 Kxc7 31. Kb3 Ra8 32. f4 Ra3+ 33. Kc4 Rxe3 34. Ng3 Rxg3 0-1

[Event "*** Titled Tuesday Blitz"]
[Site "Chess.com"]
[Date "2018.06.05"]
[Round "3"]
[White "dmosesov"]
[Black "Velis23"]
[Result "0-1"]
[WhiteElo "2197"]
[BlackElo "2252"]
[TimeControl "180+2"]
[EndTime "13:40:35 PDT"]
[Termination "Velis23 won on time"]

1. e4 d5 2. exd5 Qxd5 3. Nc3 Qd8 4. d4 Nf6 5. Nf3 Bg4 6. Be2 e6 7. O-O c6 8. h3 Bxf3 9. Bxf3 Nbd7 10. Bf4 Nd5 11.
Nxd5 cxd5 12. c4 Nb6 13. cxd5 Nxd5 14. Qa4+ Qd7 15. Qxd7+ Kxd7 16. Bd2 Be7 17. Rfd1 Rac8 18. Rac1 Bf6 19. Be3 Rc6 20. Rxc6 bxc6 21. Rd3 Rb8 22. Ra3 Rb7 23. Kf1 Be7 24. Rb3 Rxb3 25. axb3 f5 26. Ke2 Bf6 27. Kd3 g5 28. g3 h6 29. Bd2 Be7 30.
Kc4 Bd6 31. Kd3 Kc7 32. Kc4 Kb6 33. Kd3 Kb5 34. Bh5 e5 35. dxe5 Bxe5 36. Bc3 Bd6 37. Bf7 f4 0-1

[Event "*** Titled Tuesday Blitz"]
[Site "Chess.com"]
[Date "2018.06.05"]
[Round "3"]
[White "gpeloui"]
[Black "GameOverBro"]
[Result "1-0"]
[WhiteElo "2345"]
[BlackElo "2383"]
[TimeControl "180+2"]
[EndTime "13:40:37 PDT"]
[Termination "gpeloui won by resignation"]

1. e4 d6 2. d4 Nf6 3. Nc3 e5 4. Nf3 Nbd7 5. Bc4 Be7 6. O-O O-O 7. Re1 c6 8. a4 h6 9. h3 Qc7 10. dxe5 dxe5 11. a5 Re8 12. Qe2 Bb4 13. Bxf7+ Kxf7 14. Qc4+ Kg6 15. Qxb4 Kh7 16. Nh4 Nf8 17. Nf5 Ng8 18.
Qc4 g6 19. Nd6 Re7 20. Nxc8 Rxc8 21. b3 Ne6 22. Ba3 Ree8 23. Rad1 Nd4 24. Ne2 Nb5 25. Bb4 Nf6 26. Ng3 Nd4 27. Rd2 b5 28. axb6 axb6 29.
Bc3 Ne6 30. Red1 b5 31. Qe2 Nf4 32. Qf3 c5 33. Ne2 N6h5 34. Rd7+ Re7 35. Rxc7 Rcxc7 36. Nxf4 Nxf4 37. Bxe5 Nxh3+ 38. Qxh3 Rxe5 1-0

[Event "*** Titled Tuesday Blitz"]
[Site "Chess.com"]
[Date "2018.06.05"]
[Round "3"]
[White "colegiodemadrid"]
[Black "Morshynska"]
[Result "1-0"]
[WhiteElo "2288"]
[BlackElo "2156"]
[TimeControl "180+2"]
[EndTime "13:40:39 PDT"]
[Termination "colegiodemadrid won by resignation"]

1. e4 e5 2. Bc4 Nf6 3. d3 Bc5 4. Nc3 Nc6 5. f4 d6 6. Nf3 a6 7. f5 b5 8. Bb3 h6 9. Qe2 Bb7 10. Be3 Bxe3 11. Qxe3 Na5 12. O-O Nxb3 13. axb3 c5 14.
Kh1 Qc7 15. Qe2 O-O-O 16. Nd1 d5 17. Nf2 Rhe8 18. c3 Re7 19. c4 dxe4 20. dxe4 b4 21. Rad1 Red7 22. Rd5 Nxd5 23. cxd5 g6 24. fxg6 fxg6 25.
Rc1 Kb8 26. Nd3 Qb6 27. Ndxe5 Re7 28. Nc4 Qb5 29. Qd3 g5 30. Re1 g4 31. Nh4 Rxd5 32. Qg3+ Ka7 33. exd5 Rd7 34. d6 Bd5 35. Re7 a5 36. Rxd7+ Qxd7 37. Qe5 Bxc4 38. bxc4 1-0

[Event "*** Titled Tuesday Blitz"]
[Site "Chess.com"]
[Date "2018.06.05"]
[Round "3"]
[White "aqmarkin"]
[Black "ulises2013"]
[Result "0-1"]
[WhiteElo "2216"]
[BlackElo "2376"]
[TimeControl "180+2"]
[EndTime "13:40:39 PDT"]
[Termination "ulises2013 won by resignation"]

1. e4 g6 2. d4 Bg7 3. Nc3 c5 4. Be3 Qa5 5. Be2 Nf6 6. Bf3 cxd4 7.
Bxd4 Nc6 8. Be3 d6 9. Ne2 Ne5 10. Nd4 Nxf3+ 11. gxf3 O-O 12. Qd2 Bd7 13. h4 h5 14. Rg1 Kh7 15. Rg5 Qc7 16. f4 Bh6 17. Rg3 Ng4 18. O-O-O a6 19. Nf3 Nxe3 20. fxe3 Bg4 21.
Rdg1 e6 22. Nd4 Qe7 23. Qh2 f5 24. R1g2 b5 25. a3 Rac8 26. Rd2 Rc4 27. Rg1 Rfc8 28. Na2 Qf7 29. c3 e5 30. Ne2 Rxe4 31. Nb4 Rxe3 32. Nd5 Rxe2 33. Rxe2 Bxe2 34. Qxe2 Qxd5 0-1

[Event "*** Titled Tuesday Blitz"]
[Site "Chess.com"]
[Date "2018.06.05"]
[Round "3"]
[White "Jooonaaas1996"]
[Black "Gr3egor"]
[Result "1-0"]
[WhiteElo "2280"]
[BlackElo "2357"]
[TimeControl "180+2"]
[EndTime "13:40:41 PDT"]
[Termination "Jooonaaas1996 won by resignation"]

1. e4 e5 2. Nf3 Nc6 3. Bb5 a6 4. Ba4 Nf6 5. O-O Be7 6. Re1 b5 7. Bb3 O-O 8. a3 Bb7 9. d3 d5 10. exd5 Nxd5 11. Nxe5 Nd4 12. Ba2 Bd6 13. c3 Ne6 14.
Qg4 Qf6 15. Nd7 Bxh2+ 16. Kxh2 Qxf2 17. Qg3 Qxg3+ 18. Kxg3 Rfd8 19. Ne5 c5 20. Nf3 Nf6 21.
Bxe6 fxe6 22. Ne5 Rd5 23. Nd2 Rad8 24. Ndf3 h6 25. a4 c4 26. axb5 axb5 27. dxc4 bxc4 28.
Ra7 Ba8 29. Be3 Ne4+ 30. Kh2 Nc5 31. Bxc5 Rxc5 32. Nd4 Bd5 33. Nd7 Rcc8 34. Nb6 Rb8 35. Nxd5 Rxd5 36. Rxe6 Rxb2 37. Rg6 Rg5 38. Rxg5 hxg5 39.
Rc7 Kh7 40. Rxc4 Kh6 41. Nf3 g4 42. Rxg4 Rc2 43. Rc4 g6 44. Rh4+ 1-0

[Event "*** Titled Tuesday Blitz"]
[Site "Chess.com"]
[Date "2018.06.05"]
[Round "3"]
[White "GM_dmitrij"]
[Black "Zaven_ChessMood"]
[Result "0-1"]
[WhiteElo "2669"]
[BlackElo "2862"]
[TimeControl "180+2"]
[EndTime "13:40:43 PDT"]
[Termination "Zaven_ChessMood won by resignation"]

1. e4 c5 2. Nf3 d6 3. Bb5+ Nc6 4. O-O Bd7 5. Re1 Nf6 6. c3 a6 7. Bf1 Bg4 8. d4 cxd4 9. cxd4 e5 10. Be3 exd4 11. Bxd4 Be7 12. Nc3 Nxd4 13.
Qxd4 Bxf3 14. gxf3 O-O 15. Rad1 Qa5 16. f4 Rad8 17.
Qe3 d5 18. e5 d4 19. Rxd4 Ng4 20. Rxd8 Nxe3 21. Rxf8+ Bxf8 22. fxe3 Bb4 23. Rd1 Bxc3 24. bxc3 g5 25. Rd2 Qxc3 26. Re2 b5 27. Kf2 b4 28. Kf3 gxf4 29. Kxf4 a5 30. Bg2 Qc4+ 31. Kf3 a4 32. Bh3 b3 33. axb3 axb3 34. Bf5 Kf8 35. Rb2 Qc3 36.
Rb1 h5 37. Kf4 Ke7 38. h3 b2 39. Be4 Qd2 40. Bf5 Qf2+ 41. Ke4 h4 42. Kd4 Qxf5 0-1

[Event "*** Titled Tuesday Blitz"]
[Site "Chess.com"]
[Date "2018.06.05"]
[Round "3"]
[White "FMAntonio"]
[Black "HomayoonTofighi"]
[Result "0-1"]
[WhiteElo "2433"]
[BlackElo "2750"]
[TimeControl "180+2"]
[EndTime "13:40:43 PDT"]
[Termination "HomayoonTofighi won by resignation"]

1. d4 e6 2. c4 Nf6 3. Nc3 Bb4 4. e3 c5 5. Ne2 cxd4 6. exd4 d5 7. a3 Bxc3+ 8. Nxc3 O-O 9. cxd5 Nxd5 10. Bd3 Nc6 11. O-O Nf6 12. Be3 b6 13. Qf3 Bb7 14. Rad1 Qd7 15.
Qh3 Ne7 16. Bg5 Ng6 17. Bxf6 gxf6 18. d5 Qe7 19. Rfe1 e5 20. d6 Qe6 21. Bf5 Qc4 22. Be4 Bxe4 23. Nxe4 Kg7 24. Qf3 Qe6 25. d7 f5 26. Ng3 f4 27. Ne4 Rad8 28. Rd6 Qe7 29. Red1 f5 30. Ng5 Qxg5 31. g3 fxg3 32. hxg3 Rf7 33.
Qc3 h5 34. Re6 Rdxd7 35. Rxd7 Rxd7 36. Qc6 Rf7 37. Qd6 h4 38. Kg2 Nf4+ 39. Kh2 0-1

[Event "*** Titled Tuesday Blitz"]
[Site "Chess.com"]
[Date "2018.06.05"]
[Round "3"]
[White "RamonManon0g"]
[Black "sari07"]
[Result "1-0"]
[WhiteElo "2294"]
[BlackElo "2175"]
[TimeControl "180+2"]
[EndTime "13:40:45 PDT"]
[Termination "RamonManon0g won by resignation"]

1. d4 d5 2. Bg5 Qd6 3. c3 Nf6 4.
Nd2 Bf5 5. Ngf3 Nbd7 6. e3 e6 7. Qb3 Qb6 8. Be2 Bd6 9. O-O O-O 10. c4 Qxb3 11. Nxb3 c6 12. Rac1 h6 13. Bh4 Ne4 14. Na5 Rab8 15. a3 Rfc8 16. b4 g5 17. Bg3 Nxg3 18.
hxg3 Nf6 19. c5 Bc7 20. Nb3 Nd7 21. Nfd2 e5 22. a4 Bg6 23. b5 Re8 24. Nf3 e4 25.
Nfd2 f5 26. a5 cxb5 27. Bxb5 Red8 28. c6 Nf8 29. cxb7 Rxb7 30. Bc6 Rb4 31. Bxd5+ Rxd5 32. Rxc7 f4 33. gxf4 gxf4 34. Rxa7 Ne6 35. Rc1 Rb8 36. a6 Rg5 37. Kf1 f3 38. gxf3 exf3 39. Nxf3 Bd3+ 40. Ke1 Rgb5 41. Nc5 Nxc5 42. dxc5 Rb2 43. Nd4 Rd8 44.
c6 Rf8 45. c7 Rc8 46. Rb7 Ra2 47. a7 Bb5 48. Nxb5 Rxa7 49. Nxa7 1-0

[Event "*** Titled Tuesday Blitz"]
[Site "Chess.com"]
[Date "2018.06.05"]
[Round "3"]
[White "sergiochess83"]
[Black "Blitzstream"]
[Result "1-0"]
[WhiteElo "2760"]
[BlackElo "2431"]
[TimeControl "180+2"]
[EndTime "13:40:48 PDT"]
[Termination "sergiochess83 won by resignation"]

1. e4 e5 2. Nf3 Nf6 3. Nxe5 d5 4. exd5 Qxd5 5. d4 Nc6 6. Nc3 Bb4 7. Nxc6 Qxc6 8.
Qf3 Qxf3 9. gxf3 Bf5 10. a3 Ba5 11. Bd3 Bxd3 12. cxd3 O-O-O 13. Be3 Bb6 14. Ne4 Bxd4 15.
O-O-O Nh5 16. Kc2 h6 17. Ng3 Nf6 18. Nf5 Bxe3 19. fxe3 g6 20. Ng3 h5 21. e4 c5 22. b4 Nd7 23. f4 cxb4 24. axb4 Kc7 25. Ne2 Kd6 26. d4 a6 27. Nc3 Nb6 28. d5 f6 29. Rhg1 Rhg8 30. h4 Rc8 31. Kb3 Nc4 32. Rge1 Rge8 33. e5+ fxe5 34. Ne4+ Ke7 35. d6+ Kd7 36.
Nf6+ Ke6 37. Nxe8 1-0

[Event "*** Titled Tuesday Blitz"]
[Site "Chess.com"]
[Date "2018.06.05"]
[Round "3"]
[White "Jbd735"]
[Black "NikolaGry"]
[Result "0-1"]
[WhiteElo "2374"]
[BlackElo "2582"]
[TimeControl "180+2"]
[EndTime "13:40:49 PDT"]
[Termination "NikolaGry won by resignation"]

1. e4 d5 2. exd5 Nf6 3. d4 Nxd5 4. Nf3 g6 5. c4 Nb6 6. Nc3 Bg7 7. c5 Nd5 8. Bc4 c6 9. Qb3 O-O 10. O-O Nxc3 11. bxc3 b5 12. Bd3 Be6 13. Qc2 Nd7 14.
Re1 Bd5 15. Be4 Nf6 16. Bxd5 Nxd5 17. Bg5 Re8 18. a4 a6 19. h3 Qc8 20. Bh4 Qf5 21. Qxf5 gxf5 22. axb5 axb5 23. Rac1 Ra4 24. Kf1 Rc4 25.
Bg3 Nxc3 26. Ne5 Bxe5 27. Bxe5 Nd5 28. Rxc4 bxc4 29. Ke2 Ra8 30. Rc1 f6 31. Bg3 Ra2+ 32. Kf3 Ra4 33. Bf4 Ra3+ 34. Ke2 Nxf4+ 0-1

[Event "*** Titled Tuesday Blitz"]
[Site "Chess.com"]
[Date "2018.06.05"]
[Round "3"]
[White "aa175"]
[Black "tteshan"]
[Result "1-0"]
[WhiteElo "1879"]
[BlackElo "1973"]
[TimeControl "180+2"]
[EndTime "13:40:49 PDT"]
[Termination "aa175 won by checkmate"]

1. e4 c5 2. Nf3 e6 3. b4 cxb4 4.
a3 bxa3 5. Rxa3 Bxa3 6. Bxa3 d6 7. d4 Nf6 8. Nbd2 Nc6 9. Bd3 Qc7 10. h4 Bd7 11. Nc4 Ne7 12. Bxd6 Qc6 13. Nfe5 Qc8 14.
Qb1 Nc6 15. Ba3 Qb8 16. Nd6+ Kf8 17. Nf5+ Kg8 18. Nxc6 Qe8 19. Nce7+ Kf8 20. Ng6+ Kg8 21. Nfe7+ Qxe7 22. Nxe7+ Kf8 23. Ng6+ Ke8 24. Nxh8 Bc6 25. e5 Nd5 26. Bb5 Rc8 27. Bxc6+ bxc6 28. Qb7 Rc7 29. Qb8+ Kd7 30. Nxf7 Nb6 31. Qd8# 1-0

[Event "*** Titled Tuesday Blitz"]
[Site "Chess.com"]
[Date "2018.06.05"]
[Round "3"]
[White "Hollywood_Chess"]
[Black "StoreySniper"]
[Result "1-0"]
[WhiteElo "2224"]
[BlackElo "2335"]
[TimeControl "180+2"]
[EndTime "13:40:50 PDT"]
[Termination "Hollywood_Chess won by resignation"]

1. e4 c6 2. d4 d5 3. exd5 cxd5 4. Bd3 Nc6 5. c3 Nf6 6. Bf4 Bg4 7. Qb3 Qd7 8. Nd2 e6 9. Ngf3 Bh5 10. O-O Bg6 11.
Bxg6 hxg6 12. Ne5 Nxe5 13. dxe5 Ng4 14. h3 Nh6 15. Nf3 Be7 16. Rfd1 Qc7 17. Rac1 O-O 18.
c4 dxc4 19. Rxc4 Qb6 20. Rd7 Bc5 21. Qxb6 axb6 22. b4 Bxf2+ 23. Kxf2 Rxa2+ 24. Rd2 Ra4 25. Bxh6 gxh6 26. Rd7 b5 27. Rcd4 Ra2+ 28. Kg3 Rc8 29. Rxb7 Rcc2 30. Rd8+ Kg7 31. Rdd7 Rxg2+ 32. Kf4 g5+ 33.
Ke4 Kg6 34. Rxf7 Kh5 35. Nd4 Rad2 36. Rxb5 g4 37. Nxe6 Rge2+ 38. Kf5 Rf2+ 39. Nf4+ Rxf4+ 40. Kxf4 Rf2+ 41. Kg3 Rxf7 42. e6+ 1-0

[Event "*** Titled Tuesday Blitz"]
[Site "Chess.com"]
[Date "2018.06.05"]
[Round "3"]
[White "RDMGUY01"]
[Black "JaimeSantosLatasa"]
[Result "0-1"]
[WhiteElo "2390"]
[BlackElo "2639"]
[TimeControl "180+2"]
[EndTime "13:40:52 PDT"]
[Termination "JaimeSantosLatasa won by resignation"]

1. d4 Nf6 2. c4 e6 3. Nc3 Bb4 4.
Qc2 O-O 5. a3 Bxc3+ 6. Qxc3 d5 7. Bg5 dxc4 8. Qxc4 b6 9. Nf3 Ba6 10. Qa4 h6 11. Bh4 c5 12. e3 Bxf1 13. Rxf1 Nbd7 14.
Rd1 Qc7 15. Bg3 Qb7 16. Ke2 Ne4 17. Rfe1 Rfc8 18. Kf1 b5 19. Qa5 a6 20. Kg1 Nb6 21. dxc5 Nc4 22. Qb4 Nxc5 23. Nd4 e5 24. Nb3 Na4 25.
Na5 Nxa5 26. Qxa5 Nxb2 27. Rb1 Nc4 28. Qb4 Qd7 29. h3 f6 30. Red1 Qe8 31. a4 bxa4 32. Rdc1 Rab8 33. Qe1 Rb3 34. e4 Qb5 35. f3 a3 36. Ra1 Rb2 37. Bf2 Rd8 38. Qc3 Kh7 39.
Qxc4 Rd1+ 40. Kh2 Qxc4 41. Rxc4 Rxa1 0-1